 Dungeon Crawl Stone Soup version 0.31.0-12-g77e489cdc1 (webtiles) character file.

Game seed: 1023120495057932478

2747 PaiMei the Scholar of Death (level 9, -15/69 HPs)
             Began as a Demonspawn Necromancer on Feb 21, 2024.
             Was a Follower of Kikubaaqudgha.
             Demolished by Menkaure (19 damage)
             ... on level 7 of the Dungeon on Feb 22, 2024.
             The game lasted 00:11:33 (9244 turns).

PaiMei the Scholar of Death (DsNe)                  Turns: 9244, Time: 00:11:33

Health: -15/69     AC:  3    Str:  9    XL:     9   Next: 41%
Magic:  14/18      EV: 19    Int: 19    God:    Kikubaaqudgha [*.....]
Gold:   408        SH:  4    Dex: 14    Spells: 16/20 levels left

rFire   . . .        y - +2 whip (freeze)
rCold   . . .        (no shield)
rNeg    . . .        a - +0 robe
rPois   .            (no helmet)
rElec   .            (no cloak)
rCorr   .            B - +0 pair of gloves
SInv    +            (no boots)
Will    .....        o - amulet of the acrobat
Stlth   ++           v - ring of see invisible
HPRegen 0.31/turn    A - +5 ring of evasion
MPRegen 0.16/turn

%: acrobat
@: no status effects
A: claws 2, large bone plates 1, powered by death 1, demonic magic 1
a: Renounce Religion, Unearth Wretches


You were on level 7 of the Dungeon.
You worshipped Kikubaaqudgha.
Kikubaaqudgha was aware of your devotion.
You visited 1 branch of the dungeon, and saw 7 of its levels.

You collected 408 gold pieces.

Inventory:

Hand Weapons
 j - a +1 vampiric spear
 y - a +2 whip of freezing (weapon)
Missiles
 s - 12 poisoned darts (quivered)
Armour
 a - a +0 robe (worn)
 B - a +0 pair of gloves (worn)
Jewellery
 o - an amulet of the acrobat (around neck)
 t - an amulet of faith
 v - a ring of see invisible (left hand)
 A - a +5 ring of evasion (right hand)
Wands
 r - a wand of roots (14)
Scrolls
 f - 6 scrolls of identify {unknown}
 h - a scroll of fog {unknown}
 i - a scroll of revelation {unknown}
 k - 2 scrolls of blinking {unknown}
 m - 3 scrolls of fear {unknown}
 n - a scroll of noise {unknown}
 w - a scroll of immolation {unknown}
 z - 2 scrolls of teleportation {unknown}
 C - a scroll of amnesia {unknown}
Potions
 b - a potion of magic
 c - 2 potions of invisibility {unknown}
 d - a potion of attraction {unknown}
 g - 3 potions of curing {unknown}
 l - a potion of mutation {unknown}
 p - a potion of degeneration {unknown}
 q - a potion of brilliance {unknown}
 u - a potion of might {unknown}
 x - 3 potions of berserk rage {unknown}
 D - a potion of enlightenment {unknown}


   Skills:
 + Level 6.2 Fighting
 + Level 6.1 Dodging
 - Level 2.0 Stealth
 + Level 6.2 Spellcasting
 + Level 8.4 Necromancy


You had 16 spell levels left.
You knew the following spells:

 Your Spells              Type           Power      Damage    Failure   Level
a - Necrotise             Necr           100%       1d9       1%          1
b - Vampiric Draining     Necr           38%        2d8       1%          3

Your spell library contained the following spells:

 Spells                   Type           Power      Damage    Failure   Level
 Sublimation of Blood     Necr           38%        N/A       1%          2
 Animate Dead             Necr           38%        N/A       3%          4
 Cigotuvi's Dreadful Rot  Necr/Alch/Air  32%        N/A       5%          2
 Curse of Agony           Necr           38%        N/A       10%         5
 Summon Small Mammal      Summ           20%        N/A       11%         1
 Call Canine Familiar     Summ           5%         N/A       32%         3
 Summon Blazeheart Golem  Fire/Summ      5%         N/A       73%         4


Dungeon Overview and Level Annotations

Branches:
Dungeon (7/15)             Temple (0/1) D:5

Altars:
Cheibriados
Fedhas
Hepliaklqana
Kikubaaqudgha
Okawaru
Uskayaw

Annotations:
D:7 Menkaure


Innate Abilities, Weirdness & Mutations

You have very sharp fingernails.
You are partially covered in large bone plates. (SH +4)
You regenerate a little health from kills.
Spells you cast may paralyse adjacent enemies.


Message History

You struggle to resist.
The orc completely misses you.
You barely miss the orc.
The orc is almost dead.
The orc hits you but does no damage.
Your orc wizard skeleton hits the orc.
The orc dies!
Kikubaaqudgha accepts your kill. Menkaure hits you but does no damage.
You hit Menkaure.
Menkaure is moderately damaged.
Menkaure misses you.
Menkaure points at you and mumbles some strange words.
You struggle to resist.
Your orc wizard skeleton hits Menkaure but does no damage.
You feel much better.
Menkaure mumbles a few words.
Your orc wizard skeleton barely misses Menkaure.
You barely miss Menkaure.
Menkaure is lightly damaged.
Menkaure misses you. Menkaure completely misses you.
You hit Menkaure.
Menkaure is moderately damaged.
Your orc wizard skeleton hits Menkaure but does no damage.
Menkaure calls on the powers of darkness!
Your body is wracked with pain!
* * * LOW HITPOINT WARNING * * *
You hit Menkaure.
Menkaure is moderately damaged.
Menkaure gestures at you while chanting.
Pain shoots through your body!
Your orc wizard skeleton barely misses Menkaure.
You hit Menkaure.
Menkaure is heavily damaged.
Menkaure hits you!!
* * * LOW HITPOINT WARNING * * *
Your orc wizard skeleton hits Menkaure.
Menkaure misses you.
You hit Menkaure.
Menkaure is heavily damaged.
Menkaure hits you!!
You die...
Kikubaaqudgha rasps: "You have failed me!
Welcome... death!"

######## #.......#
#.###...##########
#.#...#...)M@....#
#.......###Z####.#
#.....#.##...#
#....(#.#.....#
#.......###..#..
##...##.# ##....#
###.##.# #.###
###### #.##.. ##
.....# #.###..


You could see Menkaure (fast, ally target) and a friendly orc wizard skeleton.

Vanquished Creatures
  Pikel (D:4)
  Maggie (D:6)
  Sigmund (D:6)
  2 water moccasins (D:5)
  2 ice beasts
  A black bear (D:6)
  2 ogres
  A lemure (D:3)
  2 phantoms
  3 bullfrogs
  2 scorpions
  2 howler monkeys (D:7)
  A bombardier beetle (D:6)
  A hound (D:4)
  An orc priest (D:2)
  A gnoll bouda (D:5)
  Jessica (D:2)
  4 orc wizards
  Natasha (thrice) (D:3)
  An iguana (D:6)
  A sleepcap (D:4)
  4 gnolls
  11 adders
  A shadow imp (D:6)
  7 dart slugs
  2 ribbon worms
  17 orcs
  7 ball pythons
  4 bats
  7 endoplasms
  3 giant cockroaches
  6 goblins
  5 hobgoblins
  2 jackals (D:4)
  2 quokkas
  3 frilled lizards (D:1)
  5 kobolds
  6 rats
126 creatures vanquished.

Vanquished Creatures (collateral kills)
  A scorpion (D:5)
  An orc (D:7)
  An endoplasm (D:1)
3 creatures vanquished.

Grand Total: 129 creatures vanquished

Notes
Turn   | Place    | Note
-------+----------+-------------------------------------------
     0 | D:1      | PaiMei the Demonspawn Necromancer began the quest for the
                  | Orb.
     0 | D:1      | Reached XP level 1. HP: 13/13 MP: 3/3
   344 | D:1      | Gained mutation: Spells you cast may paralyse adjacent
                  | enemies. [demonic ancestry]
   344 | D:1      | Reached XP level 2. HP: 11/19 MP: 1/5
   926 | D:1      | Gained mutation: You have sharp fingernails. [demonic
                  | ancestry]
   926 | D:1      | Reached XP level 3. HP: 25/25 MP: 0/6
   930 | D:1      | Learned a level 3 spell: Vampiric Draining
  1354 | D:2      | Noticed Jessica
  1357 | D:2      | Killed Jessica
  1358 | D:2      | Reached skill level 1 in Fighting
  1532 | D:2      | Noticed a scorpion
  1544 | D:2      | Killed a scorpion
  1545 | D:2      | Reached skill level 5 in Necromancy
  1545 | D:2      | Gained mutation: You have very sharp fingernails. [demonic
                  | ancestry]
  1545 | D:2      | Reached XP level 4. HP: 28/33 MP: 4/8
  1965 | D:2      | Gained mutation: You regenerate a little health from kills.
                  | [demonic ancestry]
  1965 | D:2      | Reached XP level 5. HP: 20/38 MP: 2/9
  2629 | D:3      | Noticed Natasha
  2644 | D:3      | Killed Natasha
  2942 | D:3      | Noticed Natasha
  2970 | D:3      | Killed Natasha
  2971 | D:3      | Reached XP level 6. HP: 36/46 MP: 6/11
  3027 | D:3      | Noticed Natasha
  3031 | D:3      | Killed Natasha
  3328 | D:3      | Found a snail-covered altar of Cheibriados.
  3329 | D:3      | Found a hazy altar of Hepliaklqana.
  3827 | D:4      | Noticed Pikel
  4297 | D:4      | Found a blossoming altar of Fedhas.
  4298 | D:4      | Found an ancient bone altar of Kikubaaqudgha.
  4342 | D:4      | Became a worshipper of Kikubaaqudgha
  4948 | D:4      | Killed Pikel
  4949 | D:4      | Reached skill level 6 in Necromancy
  4949 | D:4      | Gained mutation: You are partially covered in large bone
                  | plates. (SH +4) [demonic ancestry]
  4949 | D:4      | Reached XP level 7. HP: 46/53 MP: 0/13
  5130 | D:5      | Entered Level 5 of the Dungeon
  5331 | D:5      | Reached XP level 8. HP: 60/60 MP: 1/15
  5588 | D:5      | Found a staircase to the Ecumenical Temple.
  5888 | D:5      | Reached skill level 5 in Spellcasting
  5888 | D:5      | Reached skill level 7 in Necromancy
  6319 | D:5      | Reached skill level 5 in Dodging
  6555 | D:6      | Found an iron altar of Okawaru.
  6577 | D:6      | Reached skill level 5 in Fighting
  7463 | D:6      | Found a hide-covered altar of Uskayaw.
  7464 | D:6      | Noticed a +0 dagger
  7464 | D:6      | Noticed a +0 dagger
  7505 | D:6      | Noticed Maggie
  7524 | D:6      | Killed Maggie
  7524 | D:6      | Reached * piety under Kikubaaqudgha
  7524 | D:6      | Received a gift from Kikubaaqudgha
  7525 | D:6      | Reached XP level 9. HP: 28/69 MP: 0/17
  7728 | D:6      | Reached skill level 8 in Necromancy
  7869 | D:6      | Noticed Sigmund
  7875 | D:6      | Killed Sigmund
  8836 | D:7      | Noticed Menkaure
  9244 | D:7      | Demolished by Menkaure

Illustrated notes

Levels and vault maps discovered:
D:1:      minmay_arrival_jagged, layout_loops_ring, minmay_tall_x
D:2:      layout_rooms, uniq_jessica
D:3:      layout_loops_corners, gammafunk_temple_overflow_statue, uniq_natasha
D:4:      layout_basic, grunt_temple_overflow_growth_and_decay,
          minmay_misc_feat_roman, uniq_pikel
D:5:      layout_gridville, minmay_temple_entry_junction_2,
          serial_bayou_lagoon_b
D:6:      layout_basic, okawaru_ov_weapons_minmay, dancing_weapons_uskayaw,
          uniq_sigmund, uniq_maggie
D:7:      layout_loops_corners, regret_index_xom_buried_treasure, uniq_menkaure

Skill      XL: |  1  2  3  4  5  6  7  8  9 |
---------------+----------------------------+-----
Dodging        | 2 3 4 5 6 |  6.1
Stealth        | 2 |  2.0
Fighting       | 1 2 3 4 5 6 |  6.2
Necromancy     | 5 6 7 8 |  8.4
Spellcasting   | 3 4 5 6 |  6.2

Action                     |  1- 3 |  4- 6 |  7- 9 || total
---------------------------+-------+-------+-------++-------
  Melee: Spear             |     7 |    68 |       ||    75
         Punch             |       |     2 |     1 ||     3
         Whip              |       |       |    91 ||    91
   Cast: Necrotise         |    49 |   112 |    85 ||   246
         Vampiric Draining |       |     7 |    50 ||    57
    Use: Potion            |       |     1 |     2 ||     3
   Stab: Paralysed         |     6 |    15 |     5 ||    26
         Distracted        |       |       |     1 ||     1
 Armour: Robe              |     8 |    53 |    50 ||   111
  Dodge: Dodged            |     5 |    55 |   103 ||   163
  Block: Other             |       |       |    20 ||    20
